Map: Moonlight Madness LE (Void)

Players

Javert - Winner!

  • Race: Zerg Zerg
  • League: Platinum

죵니

  • Race: Zerg Zerg
  • League: Grandmaster

VOD

Have the link to the VOD?

Description

Time

  • Played on: Aug. 24, 2015, 11:26 p.m.
  • Length: 15:25
Show
View Real Time Build Order
Export as new Build Order

Javert Zerg - Winner!

Build Orders: Pool First, Lurkers 

Get SALT Encoding   

  12  0:01  Drone  
  13  0:15  Overlord  
  13  0:20  Drone  
  14  0:34  Drone x2  
  16  0:39  Drone  
  17  0:43  Extractor  
  16  0:50  Drone  
  16  0:51  Spawning Pool  
  16  0:59  Drone  
  17  1:11  Drone  
  18  1:23  Drone  
  19  1:25  Hatchery  
  18  1:39  Roach Warren  
  17  1:59  Drone x3  
  20  2:20  Overlord  
  22  2:22  Roach  
  22  2:36  Queen  
  22  2:40  Queen  
  22  2:42  Roach x2  
  30  2:48  Drone  
  31  2:52  Drone  
  32  3:02  Baneling Nest  
  32  3:04  Roach x2  
  35  3:08  Drone  
  36  3:13  Overlord  
  36  3:24  Overlord  
  36  3:31  Queen  
  36  3:33  Drone x2  
  40  3:41  Evolution Chamber  
  39  3:42  Drone x2  
  41  4:01  Drone x3  
  41  4:02  Drone x3  
  47  4:16  Overlord  
  47  4:20  Drone x4  
  51  4:25  Zerg Missile Weapons Level 1  
  51  4:27  Lair  
  51  4:29  Extractor  
  51  4:31  Drone x2  
  52  4:39  Roach x2  
  56  4:52  Extractor  
  55  4:54  Extractor  
  55  4:56  Drone x3  
  55  4:57  Drone x2  
  55  4:59  Hatchery  
  58  5:18  Drone x2  
  58  5:19  Overlord x2  
  60  5:24  Glial Reconstitution  
  60  5:30  Overlord  
  60  5:31  Evolution Chamber  
  60  5:35  Overlord x2  
  59  5:40  Drone  
  59  5:41  Drone x3  
  63  5:46  Roach  
  65  5:50  Roach  
  65  5:51  Roach  
  65  5:56  Roach x2  
  73  6:01  Zerg Ground Armor Level 1  
  73  6:06  Roach x3  
  79  6:13  Roach x3  
  85  6:19  Hydralisk Den  
  84  6:27  Roach x4  
  84  6:28  Roach  
  84  6:31  Zerg Missile Weapons Level 2  
  94  6:37  Roach x3  
  100  6:42  Overlord  
  100  6:57  Roach x5  
  94  7:11  Drone  
  94  7:12  Drone x6  
  94  7:14  Spore Crawler  
  90  7:16  Spore Crawler x2  
  90  7:20  Spore Crawler x2  
  82  7:23  Spore Crawler  
  77  7:33  Hydralisk  
  77  7:34  Hydralisk x3  
  79  7:42  Muscular Augments  
  75  7:47  Spore Crawler x2  
  75  7:50  Drone x4  
  73  7:53  Overlord  
  73  7:55  Spore Crawler  
  70  8:04  Hydralisk x3  
  76  8:15  Zerg Ground Armor Level 2  
  76  8:17  Spore Crawler  
  76  8:19  Overlord  
  75  8:23  Drone x3  
  75  8:24  Drone x2  
  80  8:33  Infestation Pit  
  79  8:40  Roach x5  
  89  8:54  Overlord x2  
  89  8:55  Overlord  
  89  8:56  Extractor  
  89  8:58  Extractor  
  87  9:12  Queen x2  
  87  9:13  Overlord x2  
  91  9:25  Hydralisk x3  
  91  9:28  Overlord x2  
  91  9:29  Evolution Chamber  
  96  9:32  Drone x3  
  96  9:33  Drone x2  
  100  9:40  Spore Crawler  
  99  9:48  Spore Crawler  
  99  9:50  Hydralisk  
  99  9:51  Hydralisk x5  
  108  10:16  Spore Crawler  
  108  10:18  Spore Crawler  
  108  10:19  Drone  
  108  10:20  Drone x8  
  114  10:33  Extractor  
  113  10:41  Drone x5  
  118  10:49  Hatchery  
  117  10:50  Extractor  
  117  10:51  Extractor  
  117  10:52  Overlord x3  
  115  11:01  Roach  
  115  11:02  Roach x5  
  127  11:06  Spore Crawler  
  127  11:09  Drone x4  
  130  11:14  Overlord x2  
  130  11:17  Lurker Den  
  126  11:35  Drone x3  
  126  11:36  Drone x7  
  136  11:51  Overlord x2  
  136  11:53  Pneumatized Carapace  
  136  11:54  Overseer x3  
  136  12:07  Drone  
  136  12:08  Drone x7  
  143  12:09  Spine Crawler x2  
  143  12:10  Spine Crawler x2  
  143  12:14  Overlord x2  
  140  12:16  Drone  
  123  12:43  Hydralisk x4  
  123  12:44  Hydralisk x7  
  105  12:53  Roach  
  105  12:54  Roach  
  105  13:09  Lurker  
  105  13:10  Lurker x10  
  116  13:14  Roach x4  
  124  13:24  Overseer  
  124  13:27  Hive  
  90  13:54  Roach  
  90  13:55  Roach x11  
  105  14:04  Roach x2  
  109  14:11  Drone  
  110  14:17  Roach  
  112  14:40  Hatchery  
  111  14:49  Roach x5  
Show
View Real Time Build Order
Export as new Build Order

죵니 Zerg 

Build Orders: Pool First, Lurkers 

Get SALT Encoding   

  12  0:01  Drone  
  13  0:09  Drone  
  14  0:17  Overlord  
  14  0:36  Drone x3  
  17  0:47  Drone  
  18  0:52  Spawning Pool  
  17  0:58  Drone  
  18  1:16  Extractor  
  18  1:17  Overlord  
  17  1:39  Queen  
  19  1:44  Spine Crawler  
  19  1:54  Hatchery, Drone x3  
  21  2:18  Roach Warren  
  20  2:24  Extractor  
  19  2:37  Drone  
  19  2:38  Drone x2  
  22  2:49  Drone x2  
  24  2:57  Drone  
  25  3:00  Drone  
  26  3:07  Queen  
  26  3:10  Overlord  
  28  3:20  Metabolic Boost  
  28  3:24  Lair  
  28  3:26  Drone x4  
  32  3:30  Overlord  
  32  3:47  Overlord  
  32  3:49  Drone x2  
  32  3:54  Extractor  
  33  4:04  Drone  
  33  4:05  Drone x4  
  38  4:25  Spire  
  38  4:29  Drone  
  38  4:30  Evolution Chamber, Drone x2  
  39  4:32  Extractor  
  39  4:37  Evolution Chamber  
  37  4:38  Spine Crawler  
  37  4:44  Drone x4  
  40  4:48  Drone x2  
  40  4:49  Drone  
  40  4:52  Zergling x2  
  44  5:07  Overlord  
  44  5:22  Zergling x2  
  44  5:24  Drone x2  
  44  5:26  Drone  
  44  5:27  Drone  
  49  5:37  Overlord  
  49  5:38  Mutalisk  
  49  5:39  Mutalisk x3  
  57  5:49  Mutalisk x3  
  59  5:52  Hatchery, Zerg Flyer Armor Level 1  
  59  5:55  Zerg Missile Weapons Level 1  
  62  5:58  Zerg Ground Armor Level 1  
  62  6:14  Mutalisk  
  62  6:15  Mutalisk  
  65  6:28  Mutalisk x2  
  65  6:30  Zergling x6  
  65  6:31  Zergling x6  
  75  6:37  Zergling x2  
  76  6:40  Spine Crawler  
  74  6:57  Zergling x2  
  74  6:58  Zergling x6  
  73  7:11  Zergling x10  
  70  7:30  Zergling x8  
  70  7:31  Queen  
  75  7:50  Hydralisk Den  
  73  7:51  Queen  
  74  8:01  Drone  
  74  8:02  Drone x6  
  81  8:10  Overlord x2  
  81  8:17  Glial Reconstitution  
  81  8:18  Lurker Den  
  81  8:19  Hatchery  
  80  8:30  Drone x2  
  80  8:31  Overlord x2  
  82  8:37  Zerg Ground Armor Level 2, Zerg Missile Weapons Level 2  
  82  8:40  Roach x7  
  96  9:03  Hydralisk x4  
  96  9:05  Drone x3  
  96  9:07  Extractor  
  96  9:09  Extractor  
  103  9:21  Overlord x2  
  103  9:22  Overlord x5  
  103  9:43  Hydralisk  
  103  9:44  Hydralisk x10  
  123  10:04  Roach  
  123  10:05  Roach x5  
  131  10:28  Lurker  
  131  10:29  Lurker x5  
  137  10:40  Overseer  
  134  11:04  Roach x6  
  134  11:05  Roach x5  
  136  12:26  Roach x5  
  136  12:45  Drone  
  136  12:47  Roach  
  136  12:48  Roach x4  
  136  12:49  Overlord x4  
  136  12:50  Overlord x2  
  143  13:10  Roach x9  
  143  13:11  Roach x4  
  169  13:14  Hatchery  
  168  13:23  Hatchery  
  109  14:06  Spire  
  109  14:09  Hydralisk Den  
  91  14:10  Roach  
  91  14:11  Roach x10  
  105  14:24  Overseer  
  105  14:26  Overseer  
  105  14:27  Overseer  
  82  14:46  Roach  
  82  14:47  Roach x12  
Tags
 
Add a new tag
Caveats
  • Supply blocks, unpowered buildings, or Contaminate may cause inaccurate times.
  • Supply counts are checked every 10 seconds.